 Dungeon Crawl Stone Soup version 0.27.1-35-g4d5d836560 (webtiles) character file.

Game seed: 11022158422414628895

9 cbfl8 the Sneak (level 2, -3/27 HPs)
             Began as a Minotaur Delver on Mar 26, 2022.
             Was an Initiate of Yredelemnul.
             Slain by a phantom (6 damage)
             ... on level 6 of the Dungeon.
             The game lasted 00:01:45 (905 turns).

cbfl8 the Sneak (Minotaur Delver)                    Turns: 905, Time: 00:01:45

Health: -3/27      AC:  3    Str: 16    XL:     2   Next: 6%
Magic:  1/1        EV: 11    Int:  7    God:    Yredelemnul [......]
Gold:   27         SH:  0    Dex: 11    Spells: 1/1 levels left

rFire    . . .     SeeInvis .   a - +0 hand axe
rCold    . . .     Faith    .   (no shield)
rNeg     . . .     Spirit   .   b - +0 leather armour
rPois    .         Reflect  .   (helmet restricted)
rElec    .         Harm     .   (no cloak)
rCorr    .         Rampage  .   (no gloves)
Will     .....                  (no boots)
Stlth    ++........             (no amulet)
HPRegen  0.09/turn              (no ring)
MPRegen  0.07/turn              (no ring)

@: no status effects
A: horns 2, retaliatory headbutt
a: Renounce Religion


You were on level 6 of the Dungeon.
You worshipped Yredelemnul.
Yredelemnul was noncommittal.
You visited 2 branches of the dungeon, and saw 5 of its levels.

You collected 27 gold pieces.

Inventory:

Hand Weapons
 a - a +0 hand axe (weapon)
Armour
 b - a +0 leather armour (worn)
Jewellery
 h - a ring of see invisible
Wands
 g - a wand of digging (3)
Scrolls
 c - a scroll of fog
 d - a scroll of magic mapping
Potions
 i - 2 potions of curing {unknown}
 j - a potion of mutation {unknown}
 k - a potion of ambrosia {unknown}


   Skills:
 + Level 3.7 Fighting
 + Level 2.5 Axes
 + Level 2.2 Dodging
 + Level 4.4 Stealth


You had one spell level left.
You didn't know any spells.
Your spell library was empty.

Dungeon Overview and Level Annotations

Branches:
Dungeon (7/15)             Temple (1/1) D:6

Altars:
Ashenzari
Dithmenos
Fedhas
Gozag
Hepliaklqana
Makhleb
Nemelex Xobeh
Ru
Sif Muna
Xom
Yredelemnul
Zin
The Shining One

Annotations:
D:5 Grinder
D:7 Pikel


Innate Abilities, Weirdness & Mutations

You have a pair of horns on your head.
You reflexively headbutt those who attack you in melee.


Message History

You open the door.
There is an open door here.
There's a creature in the doorway!
A gnoll comes into view. It is wielding a +0 vorpal halberd.
You feel yourself slow down.
A gnoll comes into view. It is wielding a +0 whip.
The gnoll shouts!
You hit the phantom.
The phantom is lightly damaged.
You hear a shout!
A gnoll comes into view. It is wielding a +0 spear.
The phantom barely misses you.
You hear a shout!
As you read the scroll of fear, it crumbles to dust.
You assume a fearsome visage.
The gnoll looks frightened! x4
The phantom is unaffected.
The phantom hits you.
The phantom blinks!
You blink.
You hit the phantom.
The phantom is lightly damaged.
The phantom closely misses you.
You hit the phantom.
You headbutt the phantom, but do no damage.
The phantom is moderately damaged.
The phantom hits you but does no damage.
You hit the phantom but do no damage.
The phantom is moderately damaged.
A gnoll opens the door.
The phantom closely misses you.
Cornered, the gnoll turns to fight!
You slash the phantom!
The phantom is heavily damaged.
You barely miss the gnoll shaman.
The gnoll shaman hits you with a +0 club.
* * * LOW HITPOINT WARNING * * *
The phantom hits you.
* * * LOW HITPOINT WARNING * * *
The gnoll shaman barely misses you.
You hit the phantom but do no damage. Your headbutt misses the phantom.
The phantom is heavily damaged.
You hit the gnoll shaman. The phantom hits you.
You die...
Your body rises from the dead as a mindless zombie.

##......# #.#
##'##### #g# #.#
#.# #.# #.# #.#
#.# #.# #.##.# #.#
#.##.# #W# #.##.#
#@# ##.##.#
#g##########P.P#.#
#......g...##.##.#
.....####.P#...#P.
...g. #....>....
......# ##P#...#P#
##'#### ####.##..
#g# #P.P..#
##...##


You could see a phantom, a gnoll shaman and 2 gnolls.

Vanquished Creatures
  An adder (D:6)
1 creature vanquished.

Vanquished Creatures (others)
  A plant (D:6)
1 creature vanquished.

Grand Total: 2 creatures vanquished

Notes
Turn   | Place    | Note
-------+----------+-------------------------------------------
     0 | D:5      | cbfl8 the Minotaur Delver began the quest for the Orb.
     0 | D:5      | Reached XP level 1. HP: 19/19 MP: 0/0
    29 | D:5      | Noticed Grinder
    30 | D:5      | Noticed an ogre
    40 | D:4      | Noticed a phantom
   125 | D:5      | You fall into a shaft and drop 1 floor!
   129 | D:6      | Found a staircase to the Ecumenical Temple.
   134 | D:6      | Reached XP level 2. HP: 24/27 MP: 1/1
   173 | Temple   | Entered the Ecumenical Temple
   194 | Temple   | Became a worshipper of Yredelemnul the Dark
   348 | D:6      | Noticed a scorpion
   873 | D:7      | Noticed Pikel
   873 | D:7      | Noticed a lemure
   873 | D:7      | Noticed a lemure
   873 | D:7      | Noticed a lemure
   873 | D:7      | Noticed a lemure
   873 | D:7      | Noticed a sky beast
   884 | D:6      | Noticed a phantom
   905 | D:6      | Slain by a phantom

Illustrated notes

Levels and vault maps discovered:
D:4:      layout_basic
D:5:      kennysheep_spiral_hall, layout_gridville,
          mainiacjoe_overflow_alcove_2, chequers_serial_rivers_micro_b,
          uniq_blork_the_orc, uniq_eustachio, uniq_grinder
D:6:      layout_basic, minmay_temple_entry_gardened_gates, serial_shops,
          kennysheep_mini_moat, minmay_joined_circles
D:7:      layout_cave_pools, marbit_many_paths, okawaru_ov_weapons_minmay,
          lemuel_round_altar, serial_gnoll_camp, gnoll_camp_huts_basic,
          gnoll_camp_medium_02, gnoll_camp_mini_doghouse, gnoll_camp_mini_hut,
          gnoll_camp_mini_loothouse, gnoll_camp_mini_hut, uniq_pikel,
          uniq_harold
Temple:   dshaligram_water_room_temple

Action                   || total
-------------------------++-------
Melee: Hand axe          ||     9
       Headbutt          ||     2
  Use: Scroll            ||     1
       Potion            ||     1
Armor: Leather armour    ||     1
Dodge: Dodged            ||     8
